Map: [TLMC17] Cryolysis

Players

A.I. 2 (Very Easy)

  • Race: Protoss Protoss
  • Spawn Location: 7:00

Soon - Winner!

  • Race: Terran Terran
  • League: Grandmaster
  • Spawn Location: 1:00

VOD

Have the link to the VOD?

Description

Time

  • Played on: Dec. 30, 2022, 12:16 p.m.
  • Length: 10:25
Show
View Real Time Build Order
Export as new Build Order

A.I. 2 (Very Easy) Protoss 

Build Orders: 1 Gate Expand, Nexus First 

Get SALT Encoding   

  12  0:00  Probe  
  13  0:13  Probe  
  14  0:19  Pylon  
  14  0:42  Gateway  
  14  1:00  Nexus  
  14  1:20  Zealot, Pylon  
  14  1:23  Assimilator  
  16  1:33  Probe  
  16  1:35  Cybernetics Core  
  17  1:41  Probe  
  18  1:53  Probe  
  19  2:01  Probe  
  19  2:02  Assimilator  
  19  2:06  Stalker  
  20  2:12  Probe  
  20  2:15  Probe  
  24  2:25  Warp Gate  
  24  2:26  Probe  
  25  2:33  Probe  
  26  2:43  Probe  
  27  2:45  Assimilator  
  27  2:47  Pylon  
  27  2:50  Probe  
  28  2:57  Probe  
  29  3:02  Probe  
  29  3:12  Robotics Facility, Probe  
  30  3:16  Probe  
  31  3:28  Zealot, Probe  
  31  3:31  Probe  
  35  3:42  Probe  
  36  3:49  Probe  
  37  3:56  Probe  
  37  4:00  Observer  
  39  4:04  Probe  
  39  4:08  Probe  
  39  4:15  Probe  
  40  4:17  Assimilator  
  40  4:21  Probe, Observer  
  42  4:28  Probe  
  44  4:39  Probe  
  44  4:42  Sentry  
  44  4:45  Pylon  
  47  4:47  Probe  
  48  4:54  Probe  
  49  5:01  Probe  
  50  9:13  Zealot  
  44  9:18  Probe  
  39  9:25  Pylon  
  39  9:27  Probe  
  28  9:35  Probe  
  25  9:43  Probe  
  30  9:47  Pylon  
  30  9:51  Probe  
Show
View Real Time Build Order
Export as new Build Order

Soon Terran - Winner!

Build Orders:  

Get SALT Encoding   

  12  0:00  SCV  
  13  0:12  SCV  
  14  0:17  Supply Depot  
  14  0:24  SCV  
  15  0:39  SCV  
  15  0:40  Barracks  
  16  0:43  Refinery  
  16  0:51  SCV  
  16  0:55  Refinery  
  17  1:03  SCV  
  18  1:15  SCV  
  19  1:27  Reaper, Orbital Command  
  19  1:29  Supply Depot  
  20  1:44  Factory  
  20  1:52  SCV  
  21  2:01  Reaper  
  22  2:04  SCV  
  23  2:14  Command Center  
  23  2:18  SCV  
  24  2:27  Hellion  
  26  2:31  SCV  
  26  2:32  Supply Depot  
  26  2:35  Barracks Reactor  
  27  2:43  SCV  
  28  2:50  Factory Tech Lab  
  28  2:52  Barracks  
  28  2:55  SCV  
  29  3:03  Barracks  
  29  3:09  SCV  
  29  3:10  Cyclone  
  33  3:13  Marine  
  33  3:14  Marine  
  35  3:21  SCV  
  35  3:26  Orbital Command  
  36  3:31  Marine  
  36  3:32  Marine  
  39  3:34  SCV  
  39  3:40  Barracks Tech Lab  
  39  3:42  Siege Tank  
  39  3:47  SCV  
  43  3:51  SCV  
  43  3:53  Barracks Tech Lab, Supply Depot  
  44  3:57  Marine x2  
  44  4:01  SCV  
  47  4:04  Stimpack  
  47  4:05  Marine  
  47  4:08  SCV  
  49  4:13  SCV  
  49  4:16  Supply Depot  
  50  4:17  Siege Tank  
  50  4:20  SCV  
  54  4:25  Supply Depot  
  54  4:26  Marine x2  
  54  4:29  SCV  
  54  4:30  Combat Shield  
  57  4:33  SCV  
  57  4:34  Marine  
  57  4:35  Marine  
  60  4:40  Supply Depot  
  60  4:42  SCV  
  60  4:45  SCV  
  62  4:52  Marine, Siege Tank  
  65  4:53  Marine  
  65  4:54  SCV  
  65  4:57  Marine, SCV  
  70  5:00  Engineering Bay  
  70  5:01  Refinery  
  70  5:03  Supply Depot  
  70  5:06  SCV  
  71  5:07  Marine  
  71  5:12  Starport  
  72  5:26  Bunker  
  72  5:27  Bunker  
  72  5:29  Terran Infantry Weapons Level 1, SCV  
  72  5:34  SCV  
  74  5:36  Refinery  
  74  5:39  Marauder  
  74  5:40  Marauder  
  74  5:41  SCV  
  74  5:42  Marine x2  
  81  5:45  Factory Reactor  
  81  5:48  Command Center  
  81  5:50  Starport Reactor  
  81  5:55  SCV x2  
  83  6:01  Marauder x2  
  87  6:07  Supply Depot  
  87  6:09  SCV, Barracks  
  87  6:10  SCV  
  89  6:13  Barracks  
  89  6:16  Concussive Shells  
  89  6:21  SCV  
  89  6:22  SCV  
  89  6:24  Supply Depot  
  91  6:29  Supply Depot, Medivac x2  
  95  6:33  Marauder  
  95  6:36  Marauder  
  99  6:45  Marine x2  
  99  6:46  SCV x2  
  103  6:49  Supply Depot  
  103  6:51  Widow Mine x2  
  103  6:52  Supply Depot  
  107  6:58  SCV x2  
  109  7:02  Barracks Reactor  
  109  7:07  Marauder x3  
  109  7:08  Supply Depot, Medivac  
  117  7:11  Supply Depot, Medivac  
  117  7:14  SCV x2  
  121  7:20  Orbital Command  
  121  7:23  Terran Infantry Armor Level 1  
  121  7:26  SCV x2  
  121  7:29  Marauder x2  
  127  7:32  Marauder  
  127  7:33  Widow Mine  
  127  7:34  Widow Mine  
  133  7:37  Supply Depot  
  133  7:39  Supply Depot  
  133  7:40  SCV  
  133  7:41  SCV  
  135  7:52  SCV  
  135  7:53  Medivac x2  
  135  7:54  Marauder x2  
  135  7:55  Marauder, SCV  
  135  7:56  SCV  
  148  8:07  Command Center  
  148  8:12  Engineering Bay  
  148  8:14  Armory  
  148  8:31  Marauder x3  
  154  8:35  Ghost Academy  
  154  8:36  Barracks x2  
  154  8:37  Refinery x2  
  154  8:38  Barracks  
  154  8:39  SCV  
  154  8:40  SCV x2  
  157  8:48  Missile Turret  
  157  8:49  Missile Turret, Supply Depot  
  157  8:53  Marauder x3  
  157  8:54  Medivac  
  157  8:55  Missile Turret, Medivac  
  167  9:03  SCV x2  
  167  9:04  SCV  
  167  9:06  Enhanced Shockwaves  
  168  9:17  Missile Turret  
  168  9:31  Barracks Tech Lab x2  
  168  9:32  Barracks Tech Lab  
  168  9:48  Marauder x3  
  174  9:54  Marine x4  
  184  10:01  Command Center x2  
  184  10:02  Sensor Tower  
  184  10:13  Sensor Tower  
  192  10:15  Missile Turret  
  192  10:21  Unknown x3  
Tags
 
Add a new tag
Caveats
  • Supply blocks, unpowered buildings, or Contaminate may cause inaccurate times.
  • Supply counts are checked every 10 seconds.